 Dungeon Crawl Stone Soup version 0.28.0 (webtiles) character file.

Game seed: 17677963960567552789

11270 shoop the Thrower (level 11, -4/117 HPs)
             Began as an Ogre Arcane Marksman on Feb 14, 2022.
             Was a High Priest of Okawaru.
             Slain by Urug (23 damage)
             ... on level 11 of the Dungeon on Feb 15, 2022.
             The game lasted 00:33:58 (17112 turns).

shoop the Thrower (Ogre Arcane Marksman)           Turns: 17112, Time: 00:34:00

Health: -4/117     AC: 11    Str: 20    XL:     11   Next: 75%
Magic:  0/15       EV: 12    Int: 10    God:    Okawaru [*****.]
Gold:   309        SH:  0    Dex:  9    Spells: 11/16 levels left

rFire   + . .      SeeInvis .   R - +4 mace (venom)
rCold   . . .      Faith    +   (no shield)
rNeg    + + +      Spirit   .   H - +0 troll leather armour
rPois   .          Reflect  .   (helmet restricted)
rElec   .          Harm     .   T - +0 cloak of Xarrup {rF+ Will+}
rCorr   +          Rampage  .   (gloves unavailable)
Will    +++++                   (boots unavailable)
Stlth   +++.......              w - amulet of faith
HPRegen 1.09/turn               p - +4 ring of protection
MPRegen 0.14/turn               i - ring of Tomorrow {Drain rN+++ Will+++ rCorr Int-4}

@: heroic, finesse-ful
A: large, unfitting armour, tough skin 1
a: Renounce Religion, Heroism, Finesse, Duel


You were on level 11 of the Dungeon.
You worshipped Okawaru.
Okawaru was extremely pleased with you.
You visited 1 branch of the dungeon, and saw 11 of its levels.

You collected 582 gold pieces.
You spent 273 gold pieces at shops.

Inventory:

Hand Weapons
 d - a +0 club
 k - a +4 short sword of protection
 m - a +7 short sword of draining
 t - a +0 giant club
 y - a +4 whip of flaming
 I - a +0 giant spiked club
 R - a +4 mace of venom (weapon)
 U - the +8 war axe "Bufugru" {flame, rPois}
   (You took it off Maggie on level 10 of the Dungeon)

   It burns those it strikes, dealing additional fire damage.
   Big, fiery blades are also staple armaments of hydra-hunters.
   rPois:     It protects you from poison.
Missiles
 b - 22 large rocks
 c - 2 throwing nets
 r - 12 boomerangs (quivered)
 s - 3 javelins
 G - a curare-tipped dart
 O - 17 poisoned darts
Armour
 a - a +0 robe
 D - a +2 animal skin
 H - a +0 troll leather armour (worn)
 L - a +0 cloak
 T - the +0 cloak of Xarrup (worn) {rF+ Will+}
   (Okawaru gifted it to you on level 10 of the Dungeon)

   rF:        It protects you from fire.
   Will:      It increases your willpower.
Jewellery
 i - the ring of Tomorrow (right hand) {Drain rN+++ Will+++ rCorr Int-4}
   (You found it on level 7 of the Dungeon)

   [ring of resist corrosion]

   Int:       It affects your intelligence (-4).
   rN:        It renders you almost immune to negative energy.
   rCorr:     It protects you from acid and corrosion.
   Drain:     It drains your maximum health when unequipped.
   Will:      It greatly increases your willpower.
 p - a +4 ring of protection (left hand)
 w - an amulet of faith (around neck)
 E - a +6 ring of intelligence
 J - a ring of ice
 W - a ring of ice
Wands
 h - a wand of paralysis (12)
 u - a wand of digging (8)
 C - a wand of polymorph (7)
 F - a wand of mindburst (15)
Scrolls
 e - 5 scrolls of fear
 f - a scroll of magic mapping
 g - 4 scrolls of vulnerability
 j - 5 scrolls of teleportation {unknown}
 n - 3 scrolls of holy word {unknown}
 o - a scroll of enchant weapon
 A - a scroll of fog
 K - 3 scrolls of noise
 N - a scroll of immolation
 P - a scroll of amnesia
 S - a scroll of brand weapon
Potions
 l - 4 potions of heal wounds
 q - 3 potions of brilliance
 v - a potion of ambrosia
 x - 4 potions of mutation
 z - 2 potions of lignification
 B - 2 potions of might
 M - a potion of berserk rage
Miscellaneous
 Q - a phantom mirror


   Skills:
 - Level 10.0(15.0) Fighting
 + Level 2.7(7.7) Maces & Flails
 + Level 11.7(16.7) Throwing
 - Level 3.0(8.0) Armour
 - Level 5.0(10.0) Dodging
 - Level 1.0(6.0) Stealth
 - Level 3.0 Spellcasting
 - Level 7.0 Hexes
 - Level 5.0 Invocations
 - Level 3.0 Evocations


You had 11 spell levels left.
You knew the following spells:

 Your Spells              Type           Power      Damage    Failure   Level
a - Slow                  Hex            60%        N/A       1%          1
b - Cause Fear            Hex            7%         N/A       19%         4

Your spell library contained the following spells:

 Spells                   Type           Power      Damage    Failure   Level
 Inner Flame              Hex/Fire       8%         N/A       22%         3
 Portal Projectile        Hex/Tloc       16%        N/A       22%         3
 Sublimation of Blood     Necr           1%         N/A       43%         2
 Wereblood                Tmut           1%         N/A       43%         2
 Ignite Poison            Fire/Tmut/Pois 1%         N/A       67%         3
 Mephitic Cloud           Conj/Pois/Air  1%         N/A       67%         3
 Freezing Cloud           Conj/Ice/Air   0%         6-21      100%        5
 Summon Hydra             Summ           Unusable   N/A       N/A         7

Dungeon Overview and Level Annotations

Branches:
Dungeon (11/15)            Temple (0/1) D:6             Orc (0/2) D:10
   Lair: D:8-11

Altars:
Ashenzari
Cheibriados
Elyvilon
Gozag
Kikubaaqudgha
Makhleb
Okawaru
Qazlal
Zin
The Shining One

Shops:
D:4 *   D:9 [

Portals:
Gauntlet: D:11

Annotations:
D:6 exclusion: 2 gnolls
D:11 Urug


Innate Abilities, Weirdness & Mutations

You are too large for most types of armour.
You have tough skin. (AC +1)


Message History

The kobold demonologist is heavily wounded.
The white imp completely misses you.
Urug hits you from afar with a +4 demon trident of flaming!!
The kobold demonologist hits you but does no damage.
You hit the kobold demonologist.
The kobold demonologist looks as sick as possible!
The kobold demonologist is severely wounded.
The white imp gestures at you. The puff of frost hits you!
* * * LOW HITPOINT WARNING * * *
Unknown command.
Okay, then.
Cast which spell? (? or * to list)
Casting: Cause Fear (dangerous; 19% risk of failure)
Press: ? - help, Dir - look around, f - activate Urug resists with some effort.
The kobold demonologist easily resists.
The white imp easily resists.
The kobold easily resists.
Urug hits you from afar with a +4 demon trident of flaming!
* * * LOW HITPOINT WARNING * * *
Urug burns you.
* * * LOW HITPOINT WARNING * * *
The kobold demonologist casts a spell.
The white imp shouts, "Return whence thou came, thou errant base-court bootlicker!"
The white imp hits you but does no damage.
Unknown command.
You hit the kobold demonologist.
The kobold demonologist looks as sick as possible!
The kobold demonologist is severely wounded.
Urug closely misses you.
The kobold demonologist barely misses you.
Casting: Cause Fear (dangerous; 19% risk of failure)
Confirm with . or Enter, or press ? or * to list all spells.
Casting: Cause Fear (dangerous; 19% risk of failure)
Press: ? - help, Dir - look around, f - activate Urug resists with some effort.
The kobold demonologist looks frightened!
The white imp looks frightened!
The kobold looks frightened!
Urug adjusts her eyepatch.
Urug hits you from afar with a +4 demon trident of flaming!!
You die...

#.......# ..
#..##.......###...
#..##......(......
...##....)........
........)<# ####...
.........)# .......
#5###.....# ...∩...
#.# #.....# .......
#@# #.....# .......
#K# #.....# .......
#o# #.....#
/......##.###.....##
..!......K............
.......#..............
......K#...##..#..####
.......#...##..#..#
......K#...##..#..#


You could see Urug, a kobold demonologist (fleeing, extremely poisoned), a white
imp (summoned, fleeing) and a kobold (fleeing).

Vanquished Creatures
  Erica (D:8)
  3 two-headed ogres
  A deep elf pyromancer (D:10)
  A cyclops (D:7)
  Maurice (D:9)
  Psyche (D:8)
  Maggie (D:10)
  3 trolls
  A komodo dragon (D:7)
  Grinder (D:5)
  A hornet (D:8)
  2 wraiths (D:7)
  A vampire (D:7)
  4 yaks
  A wyvern (D:8)
  Grum (D:8)
  An acid dragon (D:7)
  A water moccasin (D:8)
  An ice beast (D:6)
  6 orc warriors
  2 sky beasts
  A necrophage (D:6)
  2 ogres
  4 wolves (D:8)
  4 centaurs
  2 kobold brigands (D:9)
  3 bullfrogs
  A gnoll sergeant (D:8)
  4 scorpions
  A water moccasin zombie (D:7)
  A wyvern skeleton (D:7)
  A killer bee (D:9)
  A howler monkey (D:7)
  8 wights
  3 electric eels (D:9)
  2 hounds (D:6)
  3 jellies
  A bullfrog zombie (D:5)
  6 centaur zombies
  7 orc priests
  An iron imp (D:4)
  A gnoll shaman (D:9)
  A bullfrog skeleton (D:6)
  5 iguanas
  Ijyb (D:5)
  6 orc wizards
  4 gnolls (D:9)
  A howler monkey zombie (D:8)
  8 adders
  3 worms
  5 dart slugs
  30 orcs
  2 ball pythons
  5 endoplasms
  3 giant cockroaches
  9 goblins
  5 hobgoblins
  8 jackals
  4 quokkas
  5 bats
  4 frilled lizards
  21 kobolds
  2 rats
224 creatures vanquished.

Vanquished Creatures (others)
  A human (D:3)
  29 plants (D:9)
30 creatures vanquished.

Grand Total: 254 creatures vanquished

Notes
Turn   | Place    | Note
-------+----------+-------------------------------------------
     0 | D:1      | shoop the Ogre Arcane Marksman began the quest for the Orb.
     0 | D:1      | Reached XP level 1. HP: 19/19 MP: 2/2
   690 | D:1      | You fall into a shaft and drop 1 floor!
   710 | D:2      | Reached XP level 2. HP: 22/28 MP: 3/3
   794 | D:2      | Reached skill level 1 in Stealth
  1545 | D:1      | Reached XP level 3. HP: 37/37 MP: 4/4
  2670 | D:2      | Reached XP level 4. HP: 43/48 MP: 5/5
  2910 | D:3      | Found a stormy altar of Qazlal.
  2943 | D:3      | Found a white marble altar of Elyvilon.
  3337 | D:3      | Learned a level 4 spell: Cause Fear
  3906 | D:3      | Found an ancient bone altar of Kikubaaqudgha.
  3907 | D:3      | Noticed a human
  3914 | D:3      | Killed a human
  3966 | D:4      | Reached skill level 3 in Throwing
  4049 | D:4      | Noticed a scorpion
  4067 | D:4      | Killed a scorpion
  4068 | D:4      | Reached XP level 5. HP: 13/55 MP: 6/6
  4318 | D:4      | Found a broken altar of Ashenzari.
  4343 | D:4      | HP: 2/55 [poisoned by a scorpion]
  4349 | D:4      | HP: 2/55 [scorpion (6)]
  4352 | D:4      | Reached skill level 5 in Fighting
  4352 | D:4      | Reached skill level 4 in Throwing
  4352 | D:4      | Reached XP level 6. HP: 3/66 MP: 7/7
  4703 | D:4      | Found Sahaonu's General Store.
  4718 | D:4      | Bought a potion of heal wounds for 65 gold pieces
  5079 | D:4      | Reached skill level 5 in Throwing
  5567 | D:4      | Found a snail-covered altar of Cheibriados.
  5666 | D:5      | Entered Level 5 of the Dungeon
  5705 | D:5      | Found an iron altar of Okawaru.
  5816 | D:5      | Reached XP level 7. HP: 71/71 MP: 10/10
  5855 | D:5      | Found a burning altar of Makhleb.
  6010 | D:5      | Became a worshipper of Warmaster Okawaru
  6146 | D:5      | Found an opulent altar of Gozag.
  6251 | D:5      | Noticed Ijyb
  6273 | D:5      | Killed Ijyb
  6518 | D:4      | Bought a potion of ambrosia for 104 gold pieces
  6595 | D:6      | Noticed Grinder
  6599 | D:5      | Paralysed by Grinder for 2 turns
  6607 | D:5      | Killed Grinder
  6840 | D:6      | Reached skill level 5 in Hexes
  6840 | D:6      | Reached XP level 8. HP: 69/83 MP: 12/12
  6928 | D:6      | Reached * piety under Okawaru
  7342 | D:6      | Found a staircase to the Ecumenical Temple.
  7620 | D:6      | Reached skill level 1 in Invocations
  8101 | D:7      | Reached ** piety under Okawaru
  8768 | D:7      | Reached XP level 9. HP: 83/84 MP: 13/13
  8941 | D:7      | Found a glowing silver altar of Zin.
  9812 | D:7      | Noticed a komodo dragon
  9814 | D:7      | Reached skill level 5 in Invocations
  9816 | D:7      | Killed a komodo dragon
  9816 | D:7      | Reached *** piety under Okawaru
  9817 | D:7      | Reached skill level 10 in Fighting
  9827 | D:7      | Noticed a cyclops
  9837 | D:7      | Killed a cyclops
  9837 | D:7      | Reached **** piety under Okawaru
  9838 | D:7      | Reached skill level 7 in Throwing
  9845 | D:7      | Reached XP level 10. HP: 19/110 MP: 12/14
 10198 | D:7      | Identified the ring of Tomorrow {Drain rN+++ Will+++ rCorr
                  | Int-4}
 10733 | D:4      | Bought a wand of paralysis (6) for 104 gold pieces
 10868 | D:8      | Reached skill level 8 in Throwing
 11239 | D:8      | Noticed Grum
 11261 | D:8      | Received a gift from Okawaru
 11475 | D:8      | Killed Grum
 11857 | D:8      | Noticed Erica
 11870 | D:8      | Killed Erica
 11870 | D:8      | Reached ***** piety under Okawaru
 11871 | D:8      | Reached skill level 9 in Throwing
 11928 | D:8      | Received a gift from Okawaru
 12814 | D:8      | Noticed Psyche
 13098 | D:8      | Killed Psyche
 13269 | D:8      | Paralysed by a hornet for 3 turns
 13275 | D:8      | Reached skill level 10 in Throwing
 15044 | D:9      | Reached XP level 11. HP: 112/117 MP: 15/15
 15087 | D:9      | Noticed a two-headed ogre
 15095 | D:9      | Killed a two-headed ogre
 15096 | D:9      | Reached skill level 11 in Throwing
 15501 | D:9      | Noticed Maurice
 15546 | D:9      | Killed Maurice
 15546 | D:9      | Received a gift from Okawaru
 15678 | D:9      | Reached skill level 1 in Armour
 15718 | D:9      | Found Aruafas's Armour Shop.
 16057 | D:9      | Found a glowing golden altar of the Shining One.
 16125 | D:10     | Entered Level 10 of the Dungeon
 16233 | D:9      | Received a gift from Okawaru
 16312 | D:10     | Identified the +0 cloak of Xarrup {rF+ Will+} (Okawaru
                  | gifted it to you on level 10 of the Dungeon)
 16312 | D:10     | Received a gift from Okawaru
 16313 | D:10     | Reached skill level 1 in Maces & Flails
 16348 | D:10     | Noticed a two-headed ogre
 16353 | D:10     | Killed a two-headed ogre
 16353 | D:10     | Identified the +8 war axe "Bufugru" {flame, rPois}
 16353 | D:10     | Noticed Maggie
 16364 | D:10     | Killed Maggie
 16446 | D:10     | Found a staircase to the Orcish Mines.
 16573 | D:10     | Identified the +1 leather armour of Joy {rN+ Str-5 Int+4}
 16573 | D:10     | Noticed a deep elf pyromancer
 16583 | D:10     | Killed a deep elf pyromancer
 16584 | D:10     | Reached skill level 5 in Dodging
 16822 | D:10     | Noticed a two-headed ogre
 16828 | D:10     | Killed a two-headed ogre
 17041 | D:11     | Noticed Urug
 17091 | D:11     | Found a gate leading to a gauntlet.
 17112 | D:11     | Slain by Urug

Illustrated notes

Levels and vault maps discovered:
D:1:      lightli_arrival_statuegarden, layout_loops_ring,
          serial_co_window_serial, co_window_corner_a, co_window_corner_a,
          co_window_of_opportunity_a, co_window_paths_a, co_window_paths_a,
          co_window_paths_b, co_window_paths_a, co_window_of_opportunity_a,
          co_window_paths_a, co_window_unsneaky_path_a, co_window_2corner,
          co_window_unsneaky_path_e, co_window_broadway_c,
          co_window_of_opportunity_c, co_window_of_opportunity_c,
          co_window_paths_e, co_window_paths_d, glass_columns_b, glass_columns_b
D:2:      layout_loops_ring, chequers_serial_rivers_small_b,
          chequers_mini_garden
D:3:      layout_basic, grunt_qazlal_clouds, elyvilon_altar_3, tgw_kikubaaqudgha
D:4:      layout_basic, slow_altar_2, lemuel_crystal_altar, serial_shops,
          nicolae_square_shop
D:5:      layout_loops_cross, nicolae_gozag_cash_rules_everything_around_me,
          lemuel_tele_altar, overflow_temple_1_default, uniq_ijyb
D:6:      layout_basic, minmay_temple_entry_proselytizer, uniq_grinder
D:7:      minmay_blocky_corners, layout_basic,
          mainiacjoe_overflow_concentric_impassable, grunt_ministairs_5,
          minivault_25
D:8:      layout_loops_ring, uniq_grum, uniq_psyche, uniq_erica
D:9:      layout_cave_pools, mainiacjoe_overflow_six_doors_small, serial_bayou,
          serial_bayou_pond_b, serial_bayou_pond_c, serial_bayou_pond_b,
          serial_bayou_pond_c, kennysheep_small_circle, uniq_maurice
D:10:     layout_cave_pools, david_orc_1_choice, uniq_maggie
D:11:     layout_long_grid, erik_lair_dragon, serial_shops, shop,
          gauntlet_entry_generic, palyth_stone_intersect, uniq_urug

Skill      XL: |  1  2  3  4  5  6  7  8  9 10 11 |
---------------+----------------------------------+-----
Fighting       | 2 3 4 5 6 7 10 | 10.0
Stealth        | 1 |  1.0
Throwing       | 3 4 5 7 10 11 | 11.7
Dodging        | 2 5 |  5.0
Hexes          | 3 5 6 7 |  7.0
Spellcasting   | 2 3 |  3.0
Invocations    | 2 5 |  5.0
Evocations     | 3 |  3.0
Armour         | 3 |  3.0
Maces & Flails | 2 |  2.7

Action                   |  1- 3 |  4- 6 |  7- 9 | 10-12 || total
-------------------------+-------+-------+-------+-------++-------
Melee: Unarmed           |    29 |       |       |       ||    29
       Club              |    84 |       |       |       ||    84
       Punch             |     2 |     1 |     5 |     7 ||    15
       Short sword       |    56 |   187 |   308 |   434 ||   985
       Mace              |       |       |       |    89 ||    89
Throw: Large rock        |     6 |       |     6 |     6 ||    18
       Boomerang         |       |       |    23 |    53 ||    76
 Cast: Slow              |     1 |     5 |    12 |       ||    18
       Cause Fear        |       |       |       |     3 ||     3
Invok: Heroism           |       |       |     2 |     6 ||     8
       Finesse           |       |       |       |     1 ||     1
Evoke: Wand              |       |       |       |     7 ||     7
  Use: Potion            |       |     4 |     2 |       ||     6
       Scroll            |       |       |       |    12 ||    12
 Stab: Sleeping          |     1 |       |     2 |       ||     3
Armor: Robe              |    91 |    72 |   161 |    99 ||   423
       Animal skin       |       |       |       |   145 ||   145
       Troll leather arm |       |       |       |    88 ||    88
Dodge: Dodged            |    92 |    82 |   173 |   323 ||   670
